 Dungeon Crawl Stone Soup version 0.31.0-11-ge490571c62 (webtiles) character file.

Game seed: 3190058484396801948

101750 Flugkiller the Warrior (level 15, -4/150 HPs)
             Began as a Minotaur Fighter on Jan 29, 2024.
             Was the Champion of Cheibriados.
             Slain by a six-headed hydra (7 damage)
             ... while paralysed by a fenstrider witch
             ... on level 3 of the Swamp.
             The game lasted 00:13:57 (23766 turns).

Flugkiller the Warrior (Minotaur Fighter)          Turns: 23766, Time: 00:13:58

Health: -4/150     AC: 30    Str: 45    XL:     15   Next: 84%
Magic:  16/21      EV:  2    Int: 26    God:    Cheibriados [******]
Gold:   1241       SH:  0    Dex: 30    Spells: 14/14 levels left

rFire   . . .        c - +8 broad axe (heavy)
rCold   . . .        P - +0 tower shield {AC+3}
rNeg    . . .        o - +1 plate armour
rPois   +            (helmet unavailable)
rElec   .            E - +1 cloak {rCorr}
rCorr   +            G - +2 pair of gloves
SInv    .            Q - +0 pair of boots of Failure {Str+3}
Will    +....        L - amulet of regeneration Stlth
                     O - ring of Qiynog {rPois Int+6 Dex+4}
HPRegen 1.25/turn    v - +5 ring of evasion
MPRegen 0.17/turn

%: no passive effects
@: paralysed, very slow
A: horns 3, retaliatory headbutt, iridescent scales 1
a: Renounce Religion, Bend Time, Temporal Distortion, Slouch, Step From Time


You were on level 3 of the Swamp.
You worshipped Cheibriados.
Cheibriados was exalted by your worship.
You visited 5 branches of the dungeon, and saw 25 of its levels.
You also visited: Gauntlet and Ice Cave.

You collected 1914 gold pieces.
You spent 673 gold pieces at shops.

Inventory:

Hand Weapons
 c - a +8 heavy broad axe (weapon)
   (You acquired it on level 14 of the Dungeon)
Missiles
 N - a throwing net (quivered)
Armour
 o - a +1 plate armour (worn)
   (You found it on level 5 of the Dungeon)
 E - a +1 cloak of preservation (worn)
   (You bought it in a shop on level 7 of the Dungeon)
 G - a +2 pair of gloves (worn)
   (You found it on level 9 of the Dungeon)
 P - a +0 tower shield of protection (worn)
   (You bought it in a shop on level 14 of the Dungeon)
 Q - the +0 pair of boots of Failure (worn) {Str+3}
   (You acquired it on level 4 of the Dungeon)

   Str+3:     It affects your strength (+3).
Jewellery
 f - a ring of protection from fire
   (You took it off an orc on level 4 of the Dungeon)
 m - a ring of willpower
   (You found it on level 11 of the Dungeon)
 p - a +4 ring of protection
   (You found it on level 5 of the Lair of Beasts)
 v - a +5 ring of evasion (right hand)
   (You found it on level 10 of the Dungeon)
 y - an amulet of reflection
   (You found it on level 8 of the Dungeon)
 K - the ring of Lastren {rF+ rN+++ Str-2 Int+2}
   (You found it on level 5 of the Lair of Beasts)

   [ring of protection from fire]

   Str-2:     It affects your strength (-2).
   Int+2:     It affects your intelligence (+2).
   rF+:       It protects you from fire.
   rN+++:     It renders you almost immune to negative energy.
 L - an amulet of regeneration (around neck)
   (You found it on level 10 of the Dungeon)
 O - the ring of Qiynog (left hand) {rPois Int+6 Dex+4}
   (You found it on level 13 of the Dungeon)

   [ring of intelligence]

   Int+6:     It affects your intelligence (+6).
   Dex+4:     It affects your dexterity (+4).
   rPois:     It protects you from poison
Wands
 a - a wand of mindburst (21)
   (You found it on level 6 of the Dungeon)
 g - a wand of digging (4)
   (You found it on level 6 of the Dungeon)
 i - a wand of quicksilver (26)
   (You took it off Ijyb on level 3 of the Dungeon)
 u - a wand of iceblast (27)
   (You found it on level 6 of the Dungeon)
 H - a wand of paralysis (35)
   (You found it on level 9 of the Dungeon)
Scrolls
 b - 2 scrolls of enchant armour
 k - 3 scrolls of vulnerability
 l - 4 scrolls of revelation
 r - 2 scrolls of identify
 s - 4 scrolls of fear
 t - 8 scrolls of teleportation
 z - 3 scrolls of blinking
 C - 2 scrolls of torment
 M - 2 scrolls of fog
Potions
 d - 2 potions of might
 e - 3 potions of cancellation
 h - 3 potions of lignification
 j - 4 potions of attraction
 n - a potion of resistance
 q - 7 potions of curing
 w - 3 potions of heal wounds
 x - 5 potions of mutation
 B - 3 potions of enlightenment
 D - 3 potions of brilliance
 I - a potion of magic
 J - 2 potions of ambrosia
Miscellaneous
 A - a box of beasts
   (You found it on level 5 of the Lair of Beasts)
 F - a condenser vane
   (You found it in a Gauntlet)


   Skills:
 * Level 18.5 Fighting
 - Level 18.0 Axes
 + Level 13.7 Armour
 + Level 8.4 Dodging
 + Level 13.2 Shields
 + Level 9.4 Invocations


You had 14 spell levels left.
You didn't know any spells.
Your spell library contained the following spells:

 Spells                   Type           Power      Damage    Failure   Level
 Apportation              Tloc           0%         N/A       61%         1
 Freeze                   Ice            0%         1d3       61%         1
 Necrotise                Necr           0%         1d4       61%         1
 Sting                    Conj/Alch      0%         1d3       61%         1
 Summon Small Mammal      Summ           0%         N/A       61%         1
 Call Imp                 Summ           0%         N/A       75%         2
 Ensorcelled Hibernation  Hex/Ice        0%         N/A       75%         2
 Scorch                   Fire           0%         2d5       75%         2
 Sublimation of Blood     Necr           0%         N/A       75%         2
 Frozen Ramparts          Ice            0%         1d1       93%         3
 Fugue of the Fallen      Necr           0%         N/A       93%         3
 Hailstorm                Conj/Ice       0%         3d5       93%         3
 Summon Ice Beast         Ice/Summ       0%         N/A       93%         3
 Volatile Blastmotes      Fire/Tloc      0%         2d10      93%         3
 Anguish                  Hex/Necr       0%         N/A       100%        4
 Animate Dead             Necr           0%         N/A       100%        4
 Flame Wave               Conj/Fire      0%         2d4       100%        4
 Fulminant Prism          Conj/Alch      0%         3d5       100%        4
 Iskenderun's Mystic Bla  Conj/Tloc      0%         2d3       100%        4
 Leda's Liquefaction      Alch/Erth      0%         N/A       100%        4
 Freezing Cloud           Conj/Ice/Air   0%         6-21      100%        5
 Lee's Rapid Deconstruct  Erth           0%         3d4*      100%        5
 Summon Mana Viper        Hex/Summ       0%         N/A       100%        5
 Bombard                  Conj/Erth      0%         9d1       100%        6
 Death Channel            Necr           0%         N/A       100%        6
 Sculpt Simulacrum        Ice/Alch       0%         N/A       100%        6
 Summon Cactus Giant      Summ           0%         N/A       100%        6
 Haunt                    Necr/Summ      0%         N/A       100%        7
 Monstrous Menagerie      Summ           0%         N/A       100%        7
 Ozocubu's Refrigeration  Ice            0%         4d7       100%        7
 Summon Hydra             Summ           0%         N/A       100%        7
 Infestation              Necr           0%         N/A       100%        8
 Polar Vortex             Ice            0%         N/A       100%        9


Dungeon Overview and Level Annotations

Branches:
Dungeon (14/15)            Temple (1/1) D:7            Lair (5/5) D:9
  Swamp (3/4) Lair:3       Spider (0/4) Lair:3        Slime (0/5) Lair:5
    Orc (2/2) D:9             Elf (0/3) Orc:2        Vaults (0/5) D:14
  IceCv (visited)         Gauntlet (visited)

Altars:
Ashenzari
Cheibriados
Dithmenos
Elyvilon
Fedhas
Gozag
Hepliaklqana
Kikubaaqudgha
Makhleb
Nemelex Xobeh
Okawaru
Qazlal
Ru
Sif Muna
Trog
Uskayaw
Vehumet
Wu Jian
Xom
Yredelemnul
Zin
The Shining One

Shops:
D:7 *   D:9 !!   D:13 !:   D:14 [   Orc:2 ([*:


Innate Abilities, Weirdness & Mutations

You have a pair of large horns on your head.
You reflexively headbutt those who attack you in melee.
You are partially covered in iridescent scales. (AC +2)


Message History

You enter the shallow water.
Moving in this stuff is going to be slow.
You enter the shallow water.
Moving in this stuff is going to be slow.
You enter the shallow water.
Moving in this stuff is going to be slow.
You see here a +0 war axe.
You enter the shallow water.
Moving in this stuff is going to be slow.
Done exploring.
No target in view!
Done exploring.
No target in view!
Done exploring.
Done exploring.
No target in view!
You enter the shallow water.
Moving in this stuff is going to be slow.
You see here a +0 war axe.
You enter the shallow water.
Moving in this stuff is going to be slow.
There is a stone staircase leading up here.
There is a stone staircase leading down here.
You climb downwards.
The six-headed hydra roars!
The fenstrider witch shouts!
Found a leather armour, 10 gold pieces and a scale mail.
Found a stone staircase leading up.
There is a stone staircase leading up here.
There are monsters nearby!
Unknown command.
There are monsters nearby!
There are monsters nearby!
There are monsters nearby!
You block the goliath frog's attack.
The swamp worm fires a harpoon shot at you.
The harpoon shot hits you.
You are yanked forward by the harpoon shot.
Splash!
You fall into the shallow water.
Moving in this stuff is going to be slow.
The ghost crab breathes spectral mist at you.
The spectral mist engulfs you.
The swamp worm is engulfed in spectral mist.
You block the swamp worm's attack.
The swamp worm fires a harpoon shot at you.
The harpoon shot hits you!
You are yanked forward by the harpoon shot.
Splash!
Found a stone staircase leading down.
The fenstrider witch is engulfed in spectral mist.
The goliath frog hits you but does no damage.
The swamp worm is engulfed in spectral mist.
The swamp worm fires a harpoon shot at you.
You block the harpoon shot.
The ghost crab attacks as it pursues you!
The ghost crab bites you but does no damage.
You block the ghost crab's attack. You block the goliath frog's attack.
The swamp worm is engulfed in spectral mist.
The swamp worm fires a harpoon shot at you.
You block the harpoon shot.
The fenstrider witch is engulfed in spectral mist.
The ghost crab barely misses you. The ghost crab completely misses you.
The goliath frog misses you. You furiously retaliate!
You headbutt the goliath frog!!
The swamp worm is engulfed in spectral mist.
The tyrant leech is engulfed in spectral mist.
The swamp worm bites you but does no damage.
You see here a +0 leather armour.
You can feel time thicken for a moment.
You kill the goliath frog!
Cheibriados thoroughly appreciates the change of pace.
You kill the swamp worm!
Cheibriados appreciates the change of pace.
The fenstrider witch gestures at you while chanting.
You suddenly lose the ability to move!
The ghost crab bites you.
You feel drained. The ghost crab barely misses you.
The swamp worm bites you but does no damage.
The fenstrider witch hits you but does no damage.
The fenstrider witch kicks you but does no damage.
Your life force feels restored.
The swamp worm bites you but does no damage.
The ghost crab bites you! The ghost crab completely misses you.
The fenstrider witch gestures at you while chanting.
Your body is wracked with pain!
The goliath frog hits you from afar!
You are splashed with acid.
You resist. The tyrant leech bites you!!
* * * LOW HITPOINT WARNING * * *
The tyrant leech draws strength from your injuries!
The swamp worm bites you but does no damage.
The fenstrider witch gestures at you while chanting.
Your body is wracked with pain!
* * * LOW HITPOINT WARNING * * *
The six-headed hydra bites you but does no damage.
The six-headed hydra bites you.
* * * LOW HITPOINT WARNING * * *
The six-headed hydra bites you but does no damage.
The six-headed hydra bites you!
* * * LOW HITPOINT WARNING * * *
The six-headed hydra completely misses you.
The six-headed hydra bites you!
You die...

♣♣♣.~~~§.~..♣
♣♣~.~~§~~§~.♣ ♣
♣♣.[.~§~°~~§~♣ ♣.
♣~..~~~~°~~~.♣♣♣
>§~♣§.~~~~~~~~~...♣
.~~...~~†○Z~~§~~~~.
~..§.~~°○~~Z~~~§~.~
♣.~Z~Hw...~~~~.~
♣.~~t@D.<.~~~..~
♣.~~w<~F..~~~..§
♣~.§~.~..♣$~~..~
♣♣~.~~...~....~.
♣♣.~~~~♣~♣♣♣≈♣♣
♣.~~~§~.♣♣ ≈♣
♣.~~~~§~♣ ≈
♣.~~§§~§♣ ♣~~~~~~.♣


You could see a six-headed hydra, a fenstrider witch, a tyrant leech, a ghost
crab, a spectral death drake (summoned), a spectral snapping turtle (summoned),
a spectral fenstrider witch (summoned), a goliath frog and a swamp worm.

Vanquished Creatures
  Jorgrun (Orc:2)
  Frances (Swamp:2)
  A fenstrider witch (Swamp:2)
  An ironbound preserver (D:14)
  An orc warlord (Orc:2)
  2 eleionomae (Swamp:1)
  A minotaur (Gauntlet)
  A bunyip (Swamp:2)
  Azrael (D:14)
  Snorg (Orc:2)
  An ettin (D:14)
  A blizzard demon (Gauntlet)
  An entropy weaver (D:14)
  Josephine (D:13)
  8 hydras
  2 centaur warriors
  2 catoblepae
  7 boulder beetles
  8 alligators
  2 two-headed ogres
  4 tengu warriors
  A deep troll shaman (Lair:5)
  4 death yaks (Lair:5)
  An orc high priest (Orc:2)
  A soul eater (Gauntlet)
  Sonja (D:13)
  4 spriggans
  5 goliath frogs
  A spriggan druid (Swamp:2)
  A skyshark (Lair:4)
  6 skeletal warriors
  3 swamp dragons
  4 bog bodies
  2 lindwurms
  8 ugly things
  2 orc sorcerers (Orc:2)
  4 orc knights
  2 deep elf pyromancers (D:14)
  Maurice (Orc:1)
  4 elephants (Lair:5)
  3 manticores
  A cyclops (D:14)
  3 black mambas
  3 gargoyles
  3 ice statues (IceCv)
  Jeremiah (D:8)
  Maggie (D:7)
  5 rime drakes
  10 komodo dragons
  5 cane toads
  3 kobold demonologists (D:10)
  An ice devil (Gauntlet)
  2 freezing wraiths
  A tengu conjurer (D:13)
  A bloated husk (Swamp:2)
  A polar bear (Lair:5)
  4 trolls
  5 tyrant leeches
  Grinder (D:5)
  19 blink frogs
  A tarantella (shapeshifter) (D:14)
  Prince Ribbit (D:5)
  4 hornets
  4 slime creatures (D:13)
  A jumping spider (Lair:3)
  A shadow (D:12)
  Sigmund (D:5)
  A ynoxinul (Gauntlet)
  A culicivora (Lair:3)
  3 wyverns
  A dire elephant simulacrum (IceCv)
  6 wraiths
  4 fire elementals (D:14)
  59 yaks
  6 basilisks
  2 wargs (Orc:2)
  5 vampire mosquitoes
  2 hydra simulacra (IceCv)
  11 swamp worms
  3 acid dragons
  7 water moccasins
  4 hell hounds (D:14)
  14 orc warriors
  A swamp drake (Swamp:1)
  Duvessa (D:7)
  6 black bears
  An ice beast (shapeshifter) (D:14)
  An ice beast (D:7)
  A sky beast (D:7)
  An ogre (Orc:2)
  29 wolves
  4 centaurs
  4 phantoms
  Blork the orc (D:5)
  13 bullfrogs
  2 kobold brigands
  A scorpion (D:6)
  A cane toad simulacrum (IceCv)
  12 wights
  Dowan (D:7)
  3 elephant simulacra (IceCv)
  19 killer bees
  4 howler monkeys
  A bombardier beetle (D:4)
  3 hounds
  11 orc priests
  3 iron imps (Gauntlet)
  5 jellies
  A sleepcap (D:6)
  Ijyb (D:3)
  Natasha (thrice) (D:2)
  8 iguanas
  15 orc wizards
  A wolf simulacrum (IceCv)
  Robin (D:4)
  3 gnolls (D:7)
  5 adders
  4 shadow imps (Gauntlet)
  3 white imps
  An adder zombie (D:2)
  An adder skeleton (D:2)
  6 ribbon worms
  A dart slug (D:5)
  An adder simulacrum (D:2)
  46 orcs
  A spectral bat (D:2)
  6 ball pythons
  8 bats
  A bat zombie (D:2)
  11 endoplasms
  2 giant cockroaches (D:1)
  17 goblins
  6 hobgoblins
  A quokka (D:1)
  A ball python skeleton (D:2)
  8 frilled lizards
  19 kobolds
  6 rats
635 creatures vanquished.

Vanquished Creatures (others)
  2 bloated husks (Swamp:2)
  A vampire mosquito (Swamp:2)
  A kobold brigand (D:11)
4 creatures vanquished.

Grand Total: 639 creatures vanquished

Notes
Turn   | Place    | Note
-------+----------+-------------------------------------------
     0 | D:1      | Flugkiller the Minotaur Fighter began the quest for the
                  | Orb.
     0 | D:1      | Reached XP level 1. HP: 19/19 MP: 0/0
    84 | D:1      | Reached XP level 2. HP: 24/27 MP: 1/1
   978 | D:2      | Reached XP level 3. HP: 30/33 MP: 2/2
  1014 | D:2      | You fall into a shaft and drop 2 floors!
  1049 | D:4      | Found a broken altar of Ashenzari.
  1054 | D:4      | Reached XP level 4. HP: 41/41 MP: 3/3
  1216 | D:4      | Found a glowing golden altar of the Shining One.
  1270 | D:4      | Reached skill level 5 in Fighting
  1270 | D:4      | Reached XP level 5. HP: 35/48 MP: 4/4
  1295 | D:4      | Noticed a phantom
  1304 | D:4      | Killed a phantom
  1431 | D:4      | Found a shadowy altar of Dithmenos.
  1473 | D:4      | Reached XP level 6. HP: 47/56 MP: 5/5
  1575 | D:4      | Noticed Robin
  1585 | D:4      | Killed Robin
  1586 | D:4      | Reached skill level 5 in Axes
  2067 | D:5      | Entered Level 5 of the Dungeon
  2068 | D:5      | Noticed Prince Ribbit
  2076 | D:5      | Killed Prince Ribbit
  2077 | D:5      | Reached skill level 5 in Armour
  2077 | D:5      | Reached skill level 5 in Shields
  2077 | D:5      | Reached XP level 7. HP: 45/64 MP: 6/6
  2077 | D:5      | Noticed Sigmund
  2142 | D:5      | Noticed a yak
  2142 | D:5      | Noticed a yak
  2142 | D:5      | Noticed a yak
  2159 | D:4      | Killed a yak
  2273 | D:4      | Killed a yak
  2277 | D:4      | Killed a yak
  2278 | D:4      | Reached XP level 8. HP: 17/73 MP: 7/7
  2460 | D:4      | Identified a scroll of acquirement
  2460 | D:4      | Acquired the +0 pair of boots of Failure {Str+3}
  2585 | D:4      | Gained mutation: You have a pair of large horns on your
                  | head. [potion of mutation]
  2585 | D:4      | Gained mutation: You are partially covered in iridescent
                  | scales. (AC +2) [potion of mutation]
  2648 | D:5      | Killed Sigmund
  3018 | D:3      | Noticed Ijyb
  3022 | D:3      | Killed Ijyb
  3460 | D:2      | Found a shimmering altar of Xom.
  3521 | D:2      | Noticed Natasha
  3528 | D:2      | Killed Natasha
  3547 | D:2      | Identified the +4 dagger of Cheibriados's Whim {pain, Will+
                  | Dex+3}
  3734 | D:2      | Noticed Natasha
  3743 | D:2      | Killed Natasha
  3786 | D:2      | Noticed Natasha
  3792 | D:2      | Killed Natasha
  4375 | D:5      | Noticed Grinder
  4388 | D:5      | Killed Grinder
  4587 | D:5      | Noticed Blork the orc
  4595 | D:5      | Killed Blork the orc
  5042 | D:6      | Reached XP level 9. HP: 83/83 MP: 8/8
  5255 | D:6      | Identified the +8 spear "Ezxilu" {venom, rPois Dex+3}
  6146 | D:7      | Noticed Maggie
  6162 | D:7      | Killed Maggie
  6203 | D:7      | Reached skill level 10 in Fighting
  6345 | D:7      | Reached skill level 10 in Axes
  6399 | D:7      | Found Lili's Neck Hole.
  6492 | D:7      | Noticed Duvessa
  6492 | D:7      | Noticed Dowan
  6494 | D:7      | Found a staircase to the Ecumenical Temple.
  6497 | D:7      | Killed Duvessa
  6510 | D:7      | Killed Dowan
  6518 | Temple   | Entered the Ecumenical Temple
  6523 | Temple   | Became a worshipper of Cheibriados the Contemplative
  6562 | D:7      | Found a sparkling altar of Nemelex Xobeh.
  6574 | D:7      | Found a white marble altar of Elyvilon.
  7489 | D:7      | Reached XP level 10. HP: 65/94 MP: 9/9
  7842 | D:8      | Reached * piety under Cheibriados
  7848 | D:8      | Reached skill level 1 in Invocations
  7864 | D:8      | Noticed Jeremiah
  7942 | D:8      | Killed Jeremiah
  8268 | D:8      | Reached ** piety under Cheibriados
  8473 | D:8      | Identified the +1 leather armour of Ignis's Envy {Harm
                  | rElec rF+ rN+}
  8949 | D:9      | Found Mazovor's Distillery.
  8958 | D:9      | Bought a potion of heal wounds for 70 gold pieces
  8958 | D:9      | Bought a potion of heal wounds for 70 gold pieces
  8958 | D:9      | Bought a potion of enlightenment for 70 gold pieces
  9383 | D:9      | Reached *** piety under Cheibriados
  9557 | D:9      | Found a staircase to the Orcish Mines.
  9689 | D:9      | Found Keiwn's Distillery.
  9750 | D:9      | Reached XP level 11. HP: 35/103 MP: 12/12
  9957 | D:9      | Found a staircase to the Lair.
 10097 | D:9      | Found a radiant altar of Vehumet.
 10315 | D:10     | Entered Level 10 of the Dungeon
 10331 | D:10     | Noticed a two-headed ogre
 10345 | D:10     | Killed a two-headed ogre
 10434 | D:7      | Bought a +1 cloak of preservation for 231 gold pieces
 10554 | D:10     | Found a sacrificial altar of Ru.
 11381 | D:10     | Reached **** piety under Cheibriados
 11589 | D:11     | Noticed a boulder beetle
 11605 | D:11     | Killed a boulder beetle
 12592 | D:12     | Found a gate leading to a gauntlet.
 12608 | Gauntlet | Entered a Gauntlet
 12608 | Gauntlet | Found a transporter.
 12620 | Gauntlet | Found a transporter.
 12620 | Gauntlet | Found a transporter.
 12621 | Gauntlet | Found a transporter.
 12627 | Gauntlet | Noticed a soul eater
 12629 | Gauntlet | Found a transporter.
 12632 | Gauntlet | Found a transporter.
 12633 | Gauntlet | Found a transporter.
 12635 | Gauntlet | Noticed a blizzard demon
 12637 | Gauntlet | Found a runed translucent door.
 12637 | Gauntlet | Found a runed translucent door.
 12641 | Gauntlet | Found a transporter.
 12644 | Gauntlet | Found a transporter.
 12645 | Gauntlet | Found a transporter.
 12652 | Gauntlet | Noticed a green death
 12653 | Gauntlet | Found a transporter.
 12656 | Gauntlet | Found a transporter.
 12657 | Gauntlet | Found a transporter.
 12663 | Gauntlet | Noticed a catoblepas
 12665 | Gauntlet | Found a transporter.
 12788 | Gauntlet | Killed a soul eater
 12905 | Gauntlet | Killed a blizzard demon
 13104 | Gauntlet | Identified the ring "Paohocs" {rElec rF+ Will+ Int+6
                  | Slay-6}
 13460 | Gauntlet | Identified the +11 sling of Zoeja {speed, rF+ Str+6 Dex-4
                  | Stlth+}
 13460 | Gauntlet | Identified the +1 war axe "Spider's Funeral" {elec, ^Drain
                  | rPois Str+4}
 13460 | Gauntlet | Noticed a minotaur
 13474 | Gauntlet | Killed a minotaur
 13483 | Gauntlet | Identified the +3 ring mail of Gravity {Int+3}
 13719 | D:12     | Reached skill level 10 in Armour
 13849 | D:12     | Reached skill level 10 in Shields
 13864 | D:12     | Reached XP level 12. HP: 113/115 MP: 14/14
 13875 | D:12     | Noticed a boulder beetle
 13890 | D:12     | Killed a boulder beetle
 13891 | D:12     | Reached skill level 5 in Invocations
 13986 | D:12     | Reached ***** piety under Cheibriados
 14318 | D:13     | Noticed Josephine
 14325 | D:13     | Killed Josephine
 14356 | D:13     | Noticed a boulder beetle
 14368 | D:13     | Killed a boulder beetle
 14379 | D:13     | Noticed a centaur warrior
 14419 | D:13     | Killed a centaur warrior
 14427 | D:13     | Identified the ring of Qiynog {rPois Int+6 Dex+4}
 14469 | D:13     | Found Utautsur's Distillery.
 14470 | D:13     | Noticed a tengu warrior
 14483 | D:13     | Killed a tengu warrior
 14510 | D:13     | Noticed a two-headed ogre
 14517 | D:13     | Killed a two-headed ogre
 14700 | D:13     | Noticed Sonja
 14740 | D:13     | Killed Sonja
 14936 | D:13     | Found Assipex's Book Emporium.
 15200 | D:14     | Reached skill level 1 in Dodging
 15237 | D:14     | Reached XP level 13. HP: 125/125 MP: 16/16
 15256 | D:14     | Noticed Azrael
 15263 | D:14     | Reached skill level 15 in Fighting
 15266 | D:14     | Killed Azrael
 15397 | D:14     | Reached skill level 15 in Axes
 15425 | D:14     | Noticed an ironbound preserver
 15433 | D:14     | Killed an ironbound preserver
 15500 | D:14     | Found a gate to the Vaults.
 15692 | D:14     | Found Woekiocu's Antique Armour Emporium.
 15701 | D:14     | Bought a runed tower shield for 232 gold pieces
 15872 | D:14     | Noticed an ettin
 15880 | D:14     | Killed an ettin
 15903 | D:14     | Acquired a +4 heavy broad axe
 16191 | Lair:1   | Entered Level 1 of the Lair of Beasts
 16405 | Lair:1   | Reached skill level 5 in Dodging
 17146 | Lair:2   | Reached XP level 14. HP: 137/137 MP: 18/18
 17178 | Lair:2   | Found a frozen archway.
 17189 | IceCv    | Entered an ice cave
 17373 | IceCv    | Got the Folio of Dark Cryomancy
 17538 | Lair:2   | Reached ****** piety under Cheibriados
 18276 | Lair:3   | You fall into a shaft and drop 2 floors!
 18276 | Lair:5   | Entered Level 5 of the Lair of Beasts
 18578 | Lair:5   | Found a staircase to the Slime Pits.
 18626 | Lair:5   | Found the +7 sceptre of Torment {pain, torment}
 18642 | Lair:5   | Identified the ring of Lastren {rF+ rN+++ Str-2 Int+2}
 20419 | Lair:3   | Found a staircase to the Swamp.
 20642 | Lair:3   | Identified the +1 robe of Absolutism {rF+ Dex-2 Slay+2
                  | Stlth+}
 20660 | Lair:3   | Found a hole to the Spider Nest.
 20752 | Lair:3   | Reached XP level 15. HP: 147/147 MP: 20/20
 21527 | Orc:1    | Entered Level 1 of the Orcish Mines
 21527 | Orc:1    | Noticed Maurice
 21533 | Orc:1    | Killed Maurice
 21694 | Orc:2    | Entered Level 2 of the Orcish Mines
 21732 | Orc:2    | Found a staircase to the Elven Halls.
 21786 | Orc:2    | Found Ixuam's Book Boutique.
 21828 | Orc:2    | Noticed Snorg
 21835 | Orc:2    | Killed Snorg
 21942 | Orc:2    | Found Omet's Antique Weapon Boutique.
 21973 | Orc:2    | Found Domiawnuf's Antique Armour Boutique.
 22065 | Orc:2    | Noticed Jorgrun
 22071 | Orc:2    | Killed Jorgrun
 22412 | Orc:2    | Found Diogaxke's General Store.
 22744 | Swamp:1  | Entered Level 1 of the Swamp
 22811 | Swamp:1  | You fall into a shaft and drop 1 floor!
 22813 | Swamp:2  | Noticed a fenstrider witch
 22820 | Swamp:2  | Killed a fenstrider witch
 23482 | Swamp:2  | Noticed Frances
 23494 | Swamp:2  | Killed Frances
 23761 | Swamp:3  | Noticed a fenstrider witch
 23764 | Swamp:3  | Paralysed by a fenstrider witch for 5 turns
 23766 | Swamp:3  | HP: 3/150 [six-headed hydra (10)]
 23766 | Swamp:3  | Slain by a six-headed hydra

Illustrated notes

Levels and vault maps discovered:
D:1:      dpeg_arrival_simpleton_c, layout_basic, minmay_strange_pillars,
          minmay_lizard_king
D:2:      layout_rooms, basic_altar, chequers_hall_statues_corner_a,
          roderic_lattice_a, dilly_guarded_unrand_morg
D:3:      layout_basic, uniq_ijyb
D:4:      layout_basic, lemuel_crystal_altar,
          mainiacjoe_overflow_catch_the_wave, uniq_robin
D:5:      layout_rooms, uniq_blork_the_orc, uniq_grinder, uniq_prince_ribbit1,
          uniq_sigmund
D:6:      layout_basic
D:7:      layout_layer_cave, mainiacjoe_overflow_big_doors,
          minmay_temple_entry_waves, minivault_27,
          nicolae_shop_sticking_my_neck_out, uniq_duvessa, uniq_maggie
D:8:      layout_layer_cave, uniq_jeremiah
D:9:      layout_rooms, marbit_many_paths, erik_lair_dragon, orc_0_dummy,
          serial_shops, shop, nicolae_shop_back_alley_shop, enter_bailey_8
D:10:     layout_gridville, nicolae_overflow_crystal_walls
D:11:     layout_irregular_city
D:12:     nicolae_cairo_tiling_very_big, layout_cave_pools,
          gauntlet_entry_generic
D:13:     layout_basic, serial_shops, nicolae_shop_tiny_statue_garden,
          nicolae_shop_just_a_little_nook, feat_on_display, uniq_josephine,
          uniq_sonja
D:14:     layout_rooms, hellmonk_vaults_order_and_chaos, minmay_misc_feat_room,
          serial_shops, shop, minmay_evil_grid, uniq_azrael
Temple:   minmay_freezing_vapour_temple
Lair:1:   layout_regular_city, grunt_megastairs_1
Lair:2:   layout_cave_pods, portal_ice_cave_entry_pillars_2, beast_lair_carwin_4
Lair:3:   layout_hall_layers, palyth_hydra_swamp_entry, spider_nest_entry_rubble
Lair:4:   layout_roguey
Lair:5:   grunt_lair_end_beastmaster, layout_cave_pods,
          nicolae_slime_entry_slimehenge
Swamp:1:  layout_basic_swamp, serial_swamp_ruin, evilmike_swamp_ruin_house_2,
          evilmike_swamp_ruin_house_6, infiniplex_staircase_pool
Swamp:2:  layout_basic_swamp, evilmike_swamp_ruin_rubble_1, swamp_pool_3,
          uniq_frances
Swamp:3:  layout_basic_swamp, hangedman_swamp_pad, swamp_pool_4
Orc:1:    layout_caves, uniq_nergalle, uniq_maurice
Orc:2:    grunt_orc_cross, layout_diamond_mine, uniq_jorgrun, uniq_snorg

Skill      XL: |  1  2  3  4  5  6  7  8  9 10 11 12 13 14 15 |
---------------+----------------------------------------------+-----
Fighting       | 4 5 6 7 9 10 12 13 14 16 17 18 | 18.5
Axes           | 3 4 5 6 8 10 11 13 14 15 17 18 | 18.0
Armour         | 4 5 6 7 8 10 11 12 13 | 13.7
Shields        | 4 5 6 7 8 10 11 12 13 | 13.2
Invocations    | 3 4 6 7 8 9 |  9.4
Dodging        | 1 5 7 8 |  8.4

Action                     |  1- 3 |  4- 6 |  7- 9 | 10-12 | 13-15 || total
---------------------------+-------+-------+-------+-------+-------++-------
  Melee: War axe           |    47 |    59 |   300 |   414 |    89 ||   909
         Headbutt          |     6 |    11 |    50 |    94 |    97 ||   258
         Broad axe         |       |       |       |       |   449 ||   449
 Invoke: Slouch            |       |       |       |     1 |     4 ||     5
         Temporal Distorti |       |       |       |     1 |       ||     1
  Evoke: Wand              |       |       |       |     7 |     1 ||     8
    Use: Potion            |       |       |    11 |     6 |     1 ||    18
         Scroll            |       |       |     8 |    12 |     8 ||    28
   Stab: Invisible         |       |       |     3 |     3 |       ||     6
         Paralysed         |       |       |       |       |     1 ||     1
 Armour: Scale mail        |    22 |    65 |   115 |       |       ||   202
         Plate armour      |       |       |   159 |   381 |   333 ||   873
  Dodge: Dodged            |    19 |    22 |   141 |   153 |   306 ||   641
  Block: Buckler           |    12 |    19 |    85 |   171 |    31 ||   318
         Reflection        |       |       |       |     9 |       ||     9
         Tower shield      |       |       |       |       |   678 ||   678
